 Dungeon Crawl Stone Soup version 0.30-a0-377-g5cb311bc9f (webtiles) character file.

Game seed: 15352505574348245792

620 NinjaNoafa the Summoner (level 7, -1/27 HPs)
             Began as a Felid Summoner on Nov 29, 2022.
             Shot with an arrow by a centaur (9 damage)
             ... on level 7 of the Dungeon on Nov 30, 2022.
             The game lasted 00:21:19 (6599 turns).

NinjaNoafa the Summoner (Felid Summoner)            Turns: 6599, Time: 00:21:19

Health: -1/27      AC:  6    Str:  4    XL:     7   Next: 22%
Magic:  16/18      EV: 17    Int: 18    God:
Gold:   403        SH:  0    Dex: 17    Spells: 10/19 levels left
                                        Lives:  0   Deaths: 2

rFire   . . .      SeeInvis +    (weapon unavailable)
rCold   . . .      Faith    .    (shield unavailable)
rNeg    . . .      Spirit   .    (body armour unavailable)
rPois   .          Reflect  .    (helmet unavailable)
rElec   .          Harm     .    (cloak unavailable)
rCorr   .          Rampage  .    (gloves unavailable)
Will    +....                    (boots unavailable)
Stlth   ++........               (no amulet)
HPRegen 0.24/turn                k - +4 ring of protection
MPRegen 0.16/turn                u - ring of wizardry

@: quick
A: very small, claws 1, fangs 3, see invisible, speed 1, shaggy fur 2, stealthy
paws, no weapons or thrown items, no armour, multi-lived
a: no special abilities


You were on level 7 of the Dungeon.
You visited 1 branch of the dungeon, and saw 7 of its levels.

You collected 403 gold pieces.

Inventory:

Jewellery
 k - a +4 ring of protection (left paw)
 u - a ring of wizardry (right paw)
 w - a ring of willpower
Wands
 v - a wand of mindburst (29)
Scrolls
 b - 2 scrolls of fear {unknown}
 c - 2 scrolls of blinking {unknown}
 f - a scroll of immolation {unknown}
 g - 3 scrolls of teleportation
 h - 3 scrolls of identify {unknown}
 m - 2 scrolls of magic mapping
 n - 2 scrolls of vulnerability {unknown}
 p - 2 scrolls of noise {unknown}
Potions
 a - a potion of invisibility {unknown}
 d - 2 potions of brilliance
 e - a potion of might
 j - a potion of degeneration
 l - a potion of ambrosia {unknown}
 o - a potion of lignification
 q - a potion of haste {unknown}
 r - a potion of heal wounds {unknown}
 s - 2 potions of flight {unknown}
 t - 2 potions of curing {unknown}


   Skills:
 - Level 2.6 Dodging
 - Level 2.6 Stealth
 + Level 6.8 Spellcasting
 - Level 5.0 Hexes
 + Level 8.3 Summonings


You had 10 spell levels left.
You knew the following spells:

 Your Spells              Type           Power      Damage    Failure   Level
a - Summon Small Mammal   Summ           100%       N/A       1%          1
b - Call Imp              Summ           36%        N/A       1%          2
c - Call Canine Familiar  Summ           36%        N/A       1%          3
d - Summon Guardian Gole  Hex/Summ       30%        N/A       1%          3

Your spell library contained the following spells:

 Spells                   Type           Power      Damage    Failure   Level
 Tukima's Dance           Hex            24%        N/A       1%          3
 Magic Dart               Conj           24%        1d4       4%          1
 Blink                    Tloc           12%        N/A       7%          2
 Momentum Strike          Conj/Tloc      12%        3d8       7%          2
 Searing Ray              Conj           12%        2d4       7%          2
 Sublimation of Blood     Necr           6%         N/A       7%          2
 Summon Lightning Spire   Summ/Air       21%        N/A       9%          4
 Lesser Beckoning         Tloc           12%        N/A       13%         3
 Fulminant Prism          Conj/Hex       7%         3d7       16%         4
 Passage of Golubria      Tloc           6%         N/A       38%         4
 Petrify                  Tmut/Erth      6%         N/A       38%         4
 Yara's Violent Unravell  Hex/Tmut       7%         3d5       38%         5
 Irradiate                Conj/Tmut      3%         3d12      73%         5


Dungeon Overview and Level Annotations

Branches:
Dungeon (7/15)             Temple (0/1) D:7

Altars:
Ashenzari
Dithmenos
Okawaru

Annotations:
D:5 2 runed translucent doors, qeuew's ghost, novice TeCj


Innate Abilities, Weirdness & Mutations

You have sharp claws.
You have razor-sharp teeth.
You have supernaturally acute eyesight. (SInv)
You cover ground quickly. (Speed+)
You are covered in thick fur. (AC +2)
Your paws help you pounce on unaware monsters.
You are incapable of wielding weapons or throwing items.
You cannot wear armour.
You gain extra lives every three experience levels.


Message History

A centaur comes into view.
The centaur shouts!
A centaur is nearby!
A centaur is nearby!
Casting: Summon Guardian Golem (safe; 1% risk of failure)
Confirm with . or Enter, or press ? or * to list all spells.
A guardian golem appears, shielding your allies.
The centaur wields a +0 shortbow.
The centaur shoots an arrow.
The arrow barely misses your guardian golem.
The arrow closely misses you.
The centaur shoots an arrow.
The arrow hits your guardian golem! What are your orders? t - Meow!
Orders for allies: a - Attack new target. r - Retreat! s - Stop attacking. g - Guard the area. f - Follow me.
Anything else - Cancel.
Gang up on whom?
Press: ? - help, Dir - move target, f - centaur
Aim: a centaur, wielding a +0 shortbow Attack!
The centaur shoots an arrow.
The arrow hits your guardian golem.
The centaur shoots an arrow.
The arrow hits your guardian golem!
Your guardian golem overheats!
The centaur shoots an arrow.
The arrow barely misses your guardian golem.
The arrow closely misses you.
The centaur shoots an arrow.
The arrow hits you! What are your orders? t - Meow!
Orders for allies: a - Attack new target. p - Attack previous target. r - Retreat! s - Stop attacking. g - Guard the area. f - Follow me.
Anything else - Cancel.
Gang up on whom?
Press: ? - help, Dir - move target, f/p - centaur
Aim: a centaur, wielding a +0 shortbow (ally target) Attack!
The centaur shoots an arrow.
The arrow hits you!
* * * LOW HITPOINT WARNING * * *
The centaur shoots an arrow.
The arrow hits you!
You die...

,* *,,,,,............,,****,****
,****,***##.#.#.#.##.#*,,,,,,,,,,
,,,,,,,,,.........##.#******,****
,****,***#..#.#.#.##.# *,*
,,,,,,* #........##.# *,* ,******
#..#.#.#.##.# *,* ,*
#...........# *,* ,*
*.#.........# *,** * ,*
*,#####@##.## *>,* * ,* *,*
#.##.# **,* * ,* *,* #.##.# *,* *
,*** *,* #.##.#****** *,* * ,,,*
*,* #.##..,,,,,***,*** **,* *,*
#.##.#****,**,,,** *,* *,*
#c9...,***,,,,,,,,
*,*******,****#..*,*,**,*,*,,,**
*,**,,,,,,,,,,...#,,,,,***,*,**


You could see a centaur (ally target) and a friendly guardian golem (summoned,
inner flame).

Vanquished Creatures
  A steam dragon (D:6)
  An endoplasm (D:2)
  A giant cockroach (D:2)
  4 hobgoblins
  A kobold (D:4)
  4 quokkas
  2 ball pythons
  2 rats
16 creatures vanquished.

Vanquished Creatures (collateral kills)
  Grinder (D:5)
  A sky beast (D:7)
  An ogre (D:6)
  2 phantoms
  A bullfrog (D:7)
  A necrophage (D:5)
  2 scorpions
  A wyvern skeleton (D:4)
  3 hounds
  2 bullfrog skeletons (D:4)
  A centaur skeleton (D:4)
  3 orc wizards
  3 gnolls (D:2)
  7 adders
  An ufetubus (D:5)
  5 worms
  2 dart slugs
  16 orcs
  An endoplasm (D:2)
  4 giant cockroaches
  4 goblins
  4 hobgoblins
  4 quokkas
  5 ball pythons
  4 bats
  3 frilled lizards
  4 kobolds
86 creatures vanquished.

Vanquished Creatures (others)
  The ghost of Darkkill the Shooter, an amateur MiHu (D:4)
  2 killer bees (D:7)
3 creatures vanquished.

Grand Total: 105 creatures vanquished

Notes
Turn   | Place    | Note
-------+----------+-------------------------------------------
     0 | D:1      | NinjaNoafa the Felid Summoner began the quest for the Orb.
     0 | D:1      | Reached XP level 1. HP: 7/7 MP: 4/4
   403 | D:1      | Reached XP level 2. HP: 11/11 MP: 4/6
   406 | D:1      | Learned a level 2 spell: Call Imp
   700 | D:2      | Reached XP level 3. HP: 14/14 MP: 2/8
   704 | D:2      | Learned a level 3 spell: Call Canine Familiar
   872 | D:2      | Reached XP level 4. HP: 18/18 MP: 4/9
  2023 | D:3      | Reached skill level 5 in Summonings
  2579 | D:4      | Found an iron altar of Okawaru.
  2705 | D:4      | Noticed a scorpion
  2745 | D:4      | Killed a scorpion
  2746 | D:4      | Reached XP level 5. HP: 9/21 MP: 7/11
  3127 | D:4      | Found a runed translucent gate.
  3127 | D:4      | Found a runed translucent gate.
  3127 | D:4      | Found a runed translucent gate.
  3158 | D:4      | Noticed Darkkill's ghost (amateur MiHu)
  3467 | D:4      | Identified the +0 leather armour of Fevvee {rElec}
  3638 | D:4      | Gained mutation: You are covered in thick fur. (AC +2)
                  | [Felid growth]
  3638 | D:4      | Reached XP level 6. HP: 18/24 MP: 9/13
  3712 | D:4      | Learned a level 3 spell: Summon Guardian Golem
  3744 | D:5      | Entered Level 5 of the Dungeon
  3749 | D:5      | Found a shadowy altar of Dithmenos.
  3883 | D:5      | Found a runed translucent door.
  3889 | D:5      | Noticed qeuew's ghost (novice TeCj)
  3977 | D:5      | Reached skill level 1 in Hexes
  3977 | D:5      | Reached skill level 6 in Summonings
  4379 | D:5      | Noticed Grinder
  4469 | D:5      | Paralysed by Grinder for 4 turns
  4497 | D:5      | Paralysed by Grinder for 4 turns
  4505 | D:5      | Paralysed by Grinder for 2 turns
  4507 | D:5      | Killed Grinder
  4508 | D:5      | Reached XP level 7. HP: 27/27 MP: 0/15
  4620 | D:5      | Found a runed translucent door.
  5010 | D:5      | Reached skill level 5 in Hexes
  5068 | D:6      | Noticed a steam dragon
  5081 | D:6      | HP: 1/27 [something/ball of steam (8)]
  5087 | D:6      | Killed from afar by a steam dragon
  5088 | D:6      | Reached XP level 6. HP: -7/36 MP: 4/14
  5123 | D:6      | Reached skill level 5 in Spellcasting
  5162 | D:6      | Killed a steam dragon
  5163 | D:6      | Reached skill level 7 in Summonings
  5163 | D:6      | Reached XP level 7. HP: 19/27 MP: 6/16
  5577 | D:6      | Found a broken altar of Ashenzari.
  5581 | D:6      | Saw a vision of the Shoals and the Spider Nest.
  5581 | D:6      | Noticed a merfolk siren
  5581 | D:6      | Noticed a ghost moth
  5581 | D:6      | Noticed a merfolk siren
  5581 | D:6      | Noticed a demonic crawler
  5581 | D:6      | Noticed a kraken
  5581 | D:6      | Noticed a water nymph
  5581 | D:6      | Noticed a merfolk aquamancer
  5581 | D:6      | Noticed a snapping turtle
  5581 | D:6      | Noticed a jumping spider
  5581 | D:6      | Noticed a harpy
  5581 | D:6      | Noticed a sea snake
  5581 | D:6      | Noticed a boulder beetle
  5581 | D:6      | Noticed a cyclops
  5581 | D:6      | Noticed a manticore
  5581 | D:6      | Noticed a steelbarb worm
  5581 | D:6      | Noticed a radroach
  5582 | D:6      | Noticed a demonic crawler
  5582 | D:6      | Noticed a radroach
  5583 | D:6      | Noticed a redback
  5583 | D:6      | Noticed a torpor snail
  5584 | D:6      | Noticed a pharaoh ant
  5585 | D:6      | Noticed a jumping spider
  6062 | D:4      | Killed Darkkill's ghost
  6384 | D:7      | Reached skill level 8 in Summonings
  6384 | D:7      | Reached XP level 8. HP: 31/31 MP: 14/18
  6577 | D:7      | Slain by a killer bee
  6578 | D:7      | Reached XP level 7. HP: 0/27 MP: 2/18
  6599 | D:7      | Shot with an arrow by a centaur

Illustrated notes

Levels and vault maps discovered:
D:1:      amcnicky_arrival_feature_with_door, layout_rooms
D:2:      layout_basic
D:3:      layout_loops_ring
D:4:      layout_loops_ring, amcnicky_altar_gilded, gammafunk_ghost_necromancy,
          nicolae_wormholes
D:5:      layout_loops_ring, nicolae_dithmenos_the_darkroom,
          ebering_ghost_sewer_f, uniq_grinder
D:6:      nicolae_BIG_FREAKIN_CUBE, layout_cave_pools, grunt_ashenzari_visionary
          [grunt_ashenzari_visionary_shoals, grunt_ashenzari_visionary_spider]
D:7:      layout_loops_ring, minmay_temple_entry_butterflies, serial_glass,
          glass_columns_b, glass_columns_b

Skill      XL: |  1  2  3  4  5  6  7 |
---------------+----------------------+-----
Spellcasting   | 3 4 5 6 |  6.8
Summonings     | 5 7 8 |  8.3
Hexes          | 4 5 |  5.0
Dodging        | |  2.6
Stealth        | |  2.6

Action                   |  1- 3 |  4- 6 |  7- 9 || total
-------------------------+-------+-------+-------++-------
Melee: Unarmed           |     3 |    30 |     2 ||    35
       Bite              |     1 |     3 |       ||     4
 Cast: Summon Small Mamm |    27 |    40 |    29 ||    96
       Call Imp          |     5 |    25 |    10 ||    40
       Call Canine Famil |     2 |    31 |    20 ||    53
       Summon Guardian G |       |       |    10 ||    10
Evoke: Wand              |       |     2 |       ||     2
  Use: Potion            |       |     2 |     3 ||     5
       Scroll            |       |       |     3 ||     3
 Stab: Sleeping          |     2 |     7 |     1 ||    10
Armor: Skin              |     2 |    10 |    17 ||    29
Dodge: Dodged            |    27 |    44 |    55 ||   126

Table legend: (Time is in decaauts)
 A = Elapsed time spent in this place.
 B = Non-inter-level travel time spent in this place.
 C = Inter-level travel time spent in this place.
 D = Time resting spent in this place.
 E = Time spent auto-exploring this place.
 F = Levels seen in this place.
 G = Mean time per level.
                   A        B        C        D        E       F      G
               +--------+--------+--------+--------+--------+-----+--------+
         Total |   5813 |   5406 |    407 |     27 |   3890 |   7 |  830.4 |
       Dungeon |   5813 |   5406 |    407 |     27 |   3890 |   7 |  830.4 |
               +--------+--------+--------+--------+--------+-----+--------+

Top non-repeatable levels by time:
     D:4: 1287 daAuts
     D:5: 1232 daAuts
     D:2: 995 daAuts
     D:6: 823 daAuts
     D:3: 740 daAuts
     D:1: 499 daAuts
     D:7: 235 daAuts
